 Dungeon Crawl Stone Soup version 0.29.0-4-gdea44cf6ec (webtiles) character file.

Game seed: 17574287561887930472

186 qw the Chopper (level 5, -1/45 HPs)
             Began as a Minotaur Fighter on Sept 5, 2022.
             Slain by a white imp (5 damage)
             ... on level 5 of the Dungeon.
             The game lasted 00:01:21 (2944 turns).

qw the Chopper (Minotaur Fighter)                   Turns: 2944, Time: 00:01:22

Health: -1/45      AC: 12    Str: 21 (23) XL:     5   Next: 38%
Magic:  4/4        EV:  5    Int:  4 (5)  God:
Gold:   140        SH:  4    Dex:  6 (7)  Spells: 4/4 levels left

rFire   . . .      SeeInvis .   Y - +2 war axe
rCold   . . .      Faith    .   c - +0 buckler
rNeg    + . .      Spirit   .   g - +0 plate armour
rPois   .          Reflect  .   (helmet restricted)
rElec   .          Harm     .   (no cloak)
rCorr   .          Rampage  .   (no gloves)
Will    .....                   n - +0 pair of boots
Stlth   ..........              (no amulet)
HPRegen 0.15/turn               b - ring of positive energy
MPRegen 0.09/turn               (no ring)

@: about to teleport
A: horns 2, retaliatory headbutt, clumsy 1, sense surroundings 1
a: no special abilities


You were on level 5 of the Dungeon.
You visited 1 branch of the dungeon, and saw 5 of its levels.

You collected 140 gold pieces.


Innate Abilities, Weirdness & Mutations

You have a pair of horns on your head.
You reflexively headbutt those who attack you in melee.
You are clumsy. (Dex -2)
You passively map a small area around you.


   Skills:
 - Level 3.6 Fighting
 + Level 6.9 Axes
 - Level 3.6 Armour
 - Level 3.6 Shields


You had 4 spell levels left.
You didn't know any spells.
Your spell library was empty.

Inventory:

Hand Weapons
 j - a +0 flail
 Y - a +2 war axe (weapon)
Armour
 c - a +0 buckler (worn)
 g - a +0 plate armour (worn)
 n - a +0 pair of boots (worn)
Jewellery
 b - a ring of positive energy (left hand)
Scrolls
 f - a scroll of identify
Potions
 a - a potion of magic {unknown}
 d - 2 potions of might
 h - a potion of flight {unknown}
 k - a potion of mutation
 l - a potion of berserk rage {unknown}
 o - a potion of heal wounds {unknown}

Dungeon Overview and Level Annotations

Branches:
Dungeon (5/15)
 Temple: D:4-7

Altars:


Message History

The orc hits you but does no damage.
You completely miss the orc. Your headbutt misses the orc.
The white imp gestures at you. The puff of frost hits you.
The orc hits you but does no damage.
You hit the orc but do no damage. The orc hits you with a +0 club.
The ufetubus hits you but does no damage.
The ufetubus hits you.
You miss the ufetubus. You slash the orc!
You kill the orc!
The ufetubus barely misses you. You block the ufetubus's attack.
The white imp gestures at you. The puff of frost hits you.
The white imp gestures at you. The puff of frost hits you.
The ufetubus barely misses you. You furiously retaliate!
You headbutt the ufetubus.
The ufetubus hits you but does no damage.
You miss the ufetubus. Your headbutt misses the ufetubus.
The ufetubus is almost dead.
The white imp gestures at you. The puff of frost misses you.
The ufetubus hits you but does no damage.
The ufetubus hits you.
You hit the ufetubus.
You kill the ufetubus!
You slash the white imp! The white imp barely misses you.
The white imp hits you but does no damage.
You block the white imp's attack.
The ogre hits you with a +0 giant club!!
2943 ||| READING scroll of teleportation.
As you read the scroll of teleportation, it crumbles to dust.
You feel strangely unstable.
The white imp hits you but does no damage. x2
You closely miss the white imp.
You headbutt the white imp, but do no damage.
The white imp is severely wounded.
You slash the ogre! You hit the white imp. The ogre closely misses you.
The white imp hits you. The white imp freezes you.
You die...

* , * #. .# #..
#. =# .. #.
.#.. * ######.
.#.## * * ,
.......#....,,
,
..........#####
.......5.......
* ......O@####
......5.<..#
........##.# ,
* ......... ,#
........#** ,
#..###### #.#
.. **


You could see an ogre and 2 white imps.

Vanquished Creatures
  Ijyb (D:3)
  An iguana (D:4)
  5 adders
  An ufetubus (D:5)
  2 worms
  6 dart slugs
  2 orcs
  5 endoplasms
  3 giant cockroaches
  2 goblins
  3 hobgoblins
  3 jackals (D:1)
  3 quokkas
  9 ball pythons
  6 bats
  11 frilled lizards
  6 kobolds
  3 rats
72 creatures vanquished.

Notes
Turn   | Place    | Note
-------+----------+-------------------------------------------
     0 | D:1      | qw the Minotaur Fighter began the quest for the Orb.
     0 | D:1      | Reached XP level 1. HP: 19/19 MP: 0/0
     0 | D:1      | 0 ||| qw: Version: 0.1-a-104-g96f76f8
     0 | D:1      | 0 ||| qw: Game counter: 6005
     0 | D:1      | 0 ||| qw: Always use a shield: true
     0 | D:1      | 0 ||| qw: God list: Ru
     0 | D:1      | 0 ||| qw: Allow faded altars: false
     0 | D:1      | 0 ||| qw: Do Orc after D:15 true
     0 | D:1      | 0 ||| qw: Do second Lair branch before Depths: true
     0 | D:1      | 0 ||| qw: Lair rune preference: random
     0 | D:1      | 0 ||| qw: Plans: Normal
     0 | D:1      | 0 ||| PLANNING D:1-11
    84 | D:1      | Reached skill level 3 in Axes
    96 | D:1      | 96 ||| Stepping ~*~*~tactically~*~*~ (stealth).
   101 | D:1      | 101 ||| Stepping ~*~*~tactically~*~*~ (stealth).
   103 | D:1      | 103 ||| Stepping ~*~*~tactically~*~*~ (stealth).
   110 | D:1      | Reached XP level 2. HP: 26/26 MP: 1/1
   113 | D:1      | 113 ||| Stepping ~*~*~tactically~*~*~ (stealth).
   118 | D:1      | 118 ||| Stepping ~*~*~tactically~*~*~ (stealth).
   124 | D:1      | 124 ||| Stepping ~*~*~tactically~*~*~ (stealth).
   443 | D:1      | Reached skill level 4 in Axes
   816 | D:1      | 816 ||| UPGRADING to +0 chain mail.
   826 | D:1      | 826 ||| DROPPING +0 scale mail.
   827 | D:1      | 827 ||| READING scroll labelled ARAOZU UTAIG.
   828 | D:1      | 828 ||| READING 2 scrolls labelled NOAPRE BARUMMY.
   829 | D:1      | 829 ||| READING scroll labelled SATEDE NAMYTHRE.
   830 | D:1      | 830 ||| READING scroll labelled UNNEHO DEPU.
   833 | D:1      | 833 ||| DROPPING scroll of poison.
   901 | D:2      | 901 ||| Stepping ~*~*~tactically~*~*~ (stealth).
   906 | D:2      | Reached XP level 3. HP: 29/31 MP: 2/2
  1335 | D:2      | 1335 ||| DROPPING +0 whip.
  1440 | D:2      | 1440 ||| UPGRADING to ring of positive energy.
  1441 | D:2      | 1441 ||| DROPPING ring of magical power.
  1442 | D:2      | 1442 ||| READING scroll labelled NIWKOISCHENOU.
  1543 | D:2      | 1543 ||| READING scroll labelled MISINO RIFIAF.
  1674 | D:3      | 1674 ||| READING scroll of enchant weapon.
  1674 | D:3      | 1674 ||| ENCHANTING +1 war axe.
  1687 | D:3      | Reached skill level 5 in Axes
  1785 | D:3      | Reached XP level 4. HP: 32/39 MP: 3/3
  2010 | D:3      | Noticed Ijyb
  2024 | D:3      | Killed Ijyb
  2025 | D:3      | Reached skill level 6 in Axes
  2258 | D:3      | Found a faded altar of an unknown god.
  2438 | D:3      | 2438 ||| UPGRADING to +0 plate armour.
  2448 | D:3      | 2448 ||| DROPPING +0 chain mail.
  2449 | D:3      | 2449 ||| UPGRADING to +0 pair of boots.
  2454 | D:3      | 2454 ||| READING scroll labelled JARITS ESERYDD.
  2455 | D:3      | 2455 ||| READING scroll labelled RUT BEUHIT.
  2456 | D:3      | 2456 ||| DRINKING 3 viscous coppery potions.
  2457 | D:3      | 2457 ||| DROPPING 2 potions of degeneration.
  2488 | D:4      | 2488 ||| STAIRDANCE
  2493 | D:4      | 2493 ||| STAIRDANCE
  2500 | D:4      | 2500 ||| STAIRDANCE
  2512 | D:4      | 2512 ||| Stepping ~*~*~tactically~*~*~ (hiding).
  2518 | D:4      | Reached XP level 5. HP: 45/45 MP: 4/4
  2518 | D:4      | 2518 ||| Stepping ~*~*~tactically~*~*~ (stealth).
  2520 | D:4      | 2520 ||| Stepping ~*~*~tactically~*~*~ (stealth).
  2785 | D:4      | 2785 ||| Stepping ~*~*~tactically~*~*~ (stealth).
  2923 | D:4      | 2923 ||| READING scroll labelled WOS ZELIUTYETT.
  2924 | D:4      | 2924 ||| DRINKING 2 bubbling orange potions.
  2924 | D:4      | Gained mutation: You are clumsy. (Dex -2) [potion of
                  | mutation]
  2924 | D:4      | Gained mutation: You passively map a small area around you.
                  | [potion of mutation]
  2936 | D:5      | Entered Level 5 of the Dungeon
  2937 | D:5      | 2937 ||| PLANNING SEWER
  2937 | D:5      | Noticed an ogre
  2942 | D:5      | HP: 5/45 [ogre/+0 giant club (20)]
  2943 | D:5      | 2943 ||| READING scroll of teleportation.
  2944 | D:5      | Slain by a white imp

Levels and vault maps discovered:
D:1:      dpeg_arrival_arbitrary_a, layout_rooms, minmay_lizard_pond
D:2:      layout_rooms, nicolae_elevator_lobby_asterisk
D:3:      layout_basic, ebering_ecumenical_altar_abandoned, minivault_27,
          bh_walls_and_bars, uniq_ijyb
D:4:      layout_rooms
D:5:      cheibrodos_iron_armory, layout_basic, lemuel_doored_altar,
          gup_sewer_entry_glass

Skill      XL: |  1  2  3  4 |
---------------+-------------+-----
Axes           | 3 4 5 6 |  6.9
Fighting       | |  3.6
Armour         | |  3.6
Shields        | |  3.6

Action                   |  1- 3 |  4- 6 || total
-------------------------+-------+-------++-------
Melee: War axe           |    85 |    55 ||   140
       Headbutt          |    12 |    10 ||    22
  Use: Scroll            |     7 |     4 ||    11
       Potion            |       |     2 ||     2
Armor: Scale mail        |    10 |       ||    10
       Chain mail        |    29 |    11 ||    40
       Plate armour      |       |    21 ||    21
Dodge: Dodged            |    35 |    12 ||    47
Block: Buckler           |    12 |    10 ||    22

Table legend:
 A = Non-vault XP
 B = Vault XP
 C = Vault XP percentage of total XP
 D = Non-vault monster count
 E = Vault monster count
 F = Vault count percentage of total count
                 A         B        C        D         E       F
            +---------+---------+-------+---------+---------+-------
      Total |     221 |      46 |  17.2 |      63 |       9 |  12.5
            +---------+---------+-------+---------+---------+-------
        D:1 |      30 |       8 |  21.1 |      17 |       8 |  32.0
        D:2 |      25 |       0 |   0.0 |      13 |       0 |   0.0
        D:3 |      90 |      38 |  29.7 |      21 |       1 |   4.5
        D:4 |      65 |       0 |   0.0 |      10 |       0 |   0.0
        D:5 |      11 |       0 |   0.0 |       2 |       0 |   0.0
            +---------+---------+-------+---------+---------+-------
